 Dungeon Crawl Stone Soup version 0.23-a0-655-g3751e1c (webtiles) character file.

22943 Lilu the Nimble (level 12, -1/77 HPs)
             Began as a Deep Elf Conjurer on Jan 7, 2019.
             Was a High Priest of Vehumet.
             Slain by a six-headed hydra (3 damage)
             ... on level 2 of the Lair of Beasts.
             The game lasted 01:03:14 (19000 turns).

Lilu the Nimble (Deep Elf Conjurer)                Turns: 19000, Time: 01:03:15

Health: -1/77      AC:  9    Str:  5    XL:     12   Next: 67%
Magic:  0/29       EV: 20    Int: 26    God:    Vehumet [*****.]
Gold:   656        SH:  0    Dex: 15    Spells: 0/34 levels left

rFire    . . .     SeeInvis +   F - staff of conjuration
rCold    . . .     Gourm    .   (no shield)
rNeg     . . .     Faith    .   E - +0 troll leather armour
rPois    .         Spirit   +   u - +2 hat
rElec    .         Reflect  .   s - +0 cloak
rCorr    .         Harm     .   d - +1 pair of gloves
MR       +....                  (no boots)
Stlth    ++........             f - amulet of guardian spirit
HPRegen  0.62/turn              v - ring of see invisible
MPRegen  0.21/turn              (no ring)

@: no status effects
A: no striking features
a: Renounce Religion


You were on level 2 of the Lair of Beasts.
You worshipped Vehumet.
Vehumet was extremely pleased with you.
You were not hungry.

You visited 3 branches of the dungeon, and saw 14 of its levels.
You also visited: Sewer.

You collected 656 gold pieces.

Inventory:

Hand Weapons
 p - a +0 blowgun
 w - a +1 hand axe of electrocution
Missiles
 a - 2 curare-tipped needles
 q - 72 poisoned needles
Armour
 d - a +1 pair of gloves (worn)
 e - a +2 leather armour of fire resistance
 s - a +0 cloak (worn)
 u - a +2 hat (worn)
 E - a +0 troll leather armour (worn)
Magical Staves
 F - an uncursed staff of conjuration (weapon)
Jewellery
 f - an amulet of guardian spirit (around neck)
 v - a ring of see invisible (left hand)
Wands
 r - a wand of digging (13)
 t - a wand of polymorph (7)
 x - a wand of acid (10)
 z - a wand of paralysis (20)
 D - a wand of iceblast (15)
Scrolls
 b - 3 scrolls of identify
 i - a scroll of blinking
 n - a scroll of enchant armour
 o - 3 scrolls of fear
 y - 2 scrolls of remove curse
 B - 2 scrolls of teleportation
 C - a scroll of enchant weapon
Potions
 g - 4 potions of flight
 h - 12 potions of curing
 j - 5 potions of heal wounds
 k - a potion of haste
 l - a potion of lignification
 m - 2 potions of berserk rage
 A - 2 potions of resistance
 H - a potion of invisibility
Comestibles
 c - 22 rations


   Skills:
 + Level 10.1 Fighting
 + Level 0.5 Armour
 + Level 14.0 Dodging
 - Level 2.4 Stealth
 + Level 11.7 Spellcasting
 - Level 10.0 Conjurations
 - Level 4.0 Hexes
 + Level 1.1 Necromancy
 - Level 4.2 Fire Magic


You couldn't memorise any spells.
You knew the following spells:

 Your Spells              Type           Power        Failure   Level  Hunger
a - Magic Dart            Conj           ####         1%          1    None
b - Searing Ray           Conj           ######       1%          2    None
c - Fulminant Prism       Conj/Hex       ######....   1%          4    None
d - Iskenderun's Mystic   Conj           #######.     1%          4    None
e - Mephitic Cloud        Conj/Pois/Air  #####...     1%          3    None
f - Force Lance           Conj/Tloc      ######..     2%          4    None
g - Dazzling Spray        Conj/Hex       ######       1%          3    None
h - Fireball              Conj/Fire      ######....   2%          5    ###....
i - Conjure Flame         Conj/Fire      ######..     1%          3    None
j - Bolt of Draining      Conj/Necr      ######....   5%          5    ###....

Your spell library contained the following spells:

 Spells                   Type           Power        Failure   Level  Hunger
 Flame Tongue             Conj/Fire      #####        1%          1    None
 Throw Flame              Conj/Fire      ######       1%          2    None
 Inner Flame              Hex/Fire       #####...     1%          3    None
 Sticky Flame             Conj/Fire      ######..     1%          4    None
 Blink                    Tloc           N/A          10%         2    None
 Recall                   Summ/Tloc      N/A          19%         3    None
 Alistair's Intoxication  Tmut/Pois      ###.....     87%         5    ###....
 Blade Hands              Tmut           ###.......   87%         5    ###....
 Dragon Form              Tmut           ###.......   100%        7    ######.


Dungeon Overview and Level Annotations

Branches:
Dungeon (11/15)            Temple (1/1) D:4            Lair (2/6) D:10
  Snake (0/4) Lair:2          Orc (0/2) D:10
  Swamp: Lair:2-4    Shoals: Lair:2-4

Altars:
Dithmenos
Kikubaaqudgha
Nemelex Xobeh
Qazlal
Trog
Vehumet
Wu Jian
Yredelemnul

Shops:
D:5 !   D:9 *

Annotations:
D:8 exclusion: two-headed ogre
D:10 2 transporters, TheNamelessOne's ghost, novice OpIE
D:11 Josephine
Lair:1 3 runed doors, Muonuta's ghost, novice MiFi


Message History

* * * LOW HITPOINT WARNING * * *
The six-headed hydra bites you.
* * * LOW HITPOINT WARNING * * *
The six-headed hydra bites you.
* * * LOW HITPOINT WARNING * * *
The six-headed hydra misses you.
The six-headed hydra completely misses you.
The swamp worm throws harpoon shot at you.
The harpoon shot misses you.
The swamp worm throws harpoon shot at you.
The harpoon shot hits you!
* * * LOW HITPOINT WARNING * * *
You are yanked forward by the harpoon shot.
The six-headed hydra bites you.
* * * LOW HITPOINT WARNING * * *
The six-headed hydra bites you.
* * * LOW HITPOINT WARNING * * *
The six-headed hydra barely misses you. The six-headed hydra misses you.
The six-headed hydra bites you.
You die...

#.....##......##....##....###...#
#.....#........+....##....# #....
#.....##......##....##....# #....
##....##......##.#####....# #....
#.#.#.#.......#P+.P.#.....###....
.......<...................#...♣♣
.............................♣♣♣≈
............................⌠...
................@w..........⌠...
................D............♣♣♣
............P.###P##.#.........♣♣
.#....##....#########............
..##........P###.####............
.##....#.....#.....###.....#.....
####..#.....+......# #.....#.....
≈≈≈##..#....#.#....###.<..P#.....
≈≈≈≈#.P#....+........'.....P.....


You could see a six-headed hydra and a swamp worm.

Vanquished Creatures
  Erica (D:11)
  2 two-headed ogres
  9 death yaks
  An unseen horror (D:10)
  2 cyclopes
  A deep elf mage (D:11)
  A black mamba (Lair:1)
  4 spiny frogs
  2 komodo dragons (Lair:1)
  A troll (D:10)
  A polar bear (Lair:2)
  A slime creature (D:7)
  3 hippogriffs
  A spriggan (D:7)
  3 wraiths (D:10)
  23 yaks
  5 humans (D:10)
  A wyvern (D:8)
  3 basilisks (Lair:2)
  3 nagas (Lair:2)
  2 acid dragons (D:11)
  4 wargs (D:10)
  3 water moccasins
  2 porcupines
  3 orc warriors
  A hornet zombie (D:10)
  2 sky beasts (D:7)
  3 ice beasts
  2 centaurs
  2 ogres
  A phantom (D:8)
  4 crocodiles (Lair:1)
  3 big kobolds
  A wyvern zombie (D:10)
  7 bullfrogs
  A gnoll sergeant (D:9)
  2 scorpions
  4 killer bees (D:10)
  3 wights (D:7)
  A vampire bat (D:3)
  4 howler monkeys (D:8)
  4 crimson imps
  3 bullfrog zombies
  6 jellies
  A quasit (D:6)
  4 hounds
  A bullfrog skeleton (D:7)
  8 orc priests
  8 orc wizards
  4 centaur skeletons
  2 iguanas (D:10)
  4 worker ants
  A killer bee zombie (D:7)
  A worker ant zombie (D:10)
  Robin (D:3)
  10 gnolls
  9 adders
  3 river rats (Sewer)
  3 shadow imps
  9 oozes
  An adder zombie (D:5)
  4 worms
  3 dart slugs
  8 leopard geckos
  41 orcs
  3 bat skeletons (D:3)
  3 bat zombies (D:3)
  4 giant cockroaches
  11 goblins
  3 hobgoblins (D:3)
  11 jackals
  27 kobolds
  3 quokkas
  2 ball pythons
  6 bats
  5 frilled lizards
  2 gnoll zombies (D:5)
  A leopard gecko skeleton (D:4)
  A quokka zombie (D:7)
  4 rats
  A fungus (D:7)
349 creatures vanquished.

Vanquished Creatures (others)
  27 fulminant prisms
  A fungus (Lair:2)
  2 plants (Lair:2)
  10 toadstools (D:7)
40 creatures vanquished.

Grand Total: 389 creatures vanquished

Notes
Turn   | Place    | Note
-------+----------+-------------------------------------------
     0 | D:1      | Lilu the Deep Elf Conjurer began the quest for the Orb.
     0 | D:1      | Reached XP level 1. HP: 10/10 MP: 6/6
   217 | D:1      | Reached XP level 2. HP: 11/15 MP: 3/8
  1331 | D:2      | Reached skill level 5 in Conjurations
  1331 | D:2      | Reached XP level 3. HP: 19/19 MP: 6/10
  1520 | D:2      | Learned a level 2 spell: Searing Ray
  2012 | D:3      | Noticed Robin
  2080 | D:3      | Killed Robin
  2184 | D:3      | Reached XP level 4. HP: 14/24 MP: 6/12
  2248 | D:3      | Found a glowing drain.
  2304 | Sewer    | Entered a sewer
  2321 | Sewer    | Reached skill level 3 in Dodging
  2451 | Sewer    | Noticed a big kobold
  2485 | Sewer    | Killed a big kobold
  2485 | Sewer    | Reached skill level 1 in Fighting
  2485 | Sewer    | Reached skill level 5 in Spellcasting
  2485 | Sewer    | Reached XP level 5. HP: 27/29 MP: 4/14
  2672 | Sewer    | Found a white marble altar of Elyvilon.
  3738 | D:3      | Reached XP level 6. HP: 35/35 MP: 8/16
  3810 | D:3      | Found an ancient bone altar of Kikubaaqudgha.
  4186 | D:4      | Found a staircase to the Ecumenical Temple.
  4195 | Temple   | Entered the Ecumenical Temple
  4233 | Temple   | Became a worshipper of Vehumet
  4355 | D:4      | Reached skill level 4 in Dodging
  4471 | D:4      | Learned a level 4 spell: Fulminant Prism
  4613 | D:4      | Reached skill level 1 in Hexes
  5069 | D:5      | Entered Level 5 of the Dungeon
  5152 | D:5      | Reached * piety under Vehumet
  5152 | D:5      | Offered knowledge of Shock by Vehumet.
  5165 | D:5      | Reached XP level 7. HP: 35/40 MP: 2/18
  5309 | D:5      | Found a sparkling altar of Nemelex Xobeh.
  5406 | D:5      | Learned a level 4 spell: Iskenderun's Mystic Blast
  5436 | D:5      | Found a bloodstained altar of Trog.
  5883 | D:5      | Found Agefed Wuu's Distillery.
  6006 | D:5      | Found a basalt altar of Yredelemnul.
  6088 | D:5      | Reached skill level 5 in Dodging
  6335 | D:6      | Reached XP level 8. HP: 46/46 MP: 12/20
  6519 | D:6      | Reached ** piety under Vehumet
  6615 | D:6      | Offered knowledge of Flame Tongue by Vehumet.
  7139 | D:7      | Reached skill level 6 in Dodging
  7990 | D:7      | Noticed a slime creature
  7996 | D:7      | Reached XP level 9. HP: 52/52 MP: 18/23
  8054 | D:7      | Offered knowledge of Static Discharge by Vehumet.
  8054 | D:7      | Reached skill level 7 in Dodging
  8829 | D:8      | Noticed a two-headed ogre
  8935 | D:8      | Reached *** piety under Vehumet
  9450 | D:8      | Noticed a cyclops
  9619 | D:8      | Offered knowledge of Mephitic Cloud by Vehumet.
  9624 | D:8      | Learned a level 3 spell: Mephitic Cloud
  9634 | D:8      | Reached skill level 5 in Fighting
  9769 | D:8      | Reached skill level 8 in Dodging
 10073 | D:8      | Learned a level 4 spell: Force Lance
 10077 | D:8      | Learned a level 3 spell: Dazzling Spray
 10085 | D:8      | Killed a two-headed ogre
 10085 | D:8      | Reached XP level 10. HP: 59/59 MP: 15/25
 10455 | D:8      | Killed a cyclops
 10455 | D:8      | Reached skill level 10 in Spellcasting
 10907 | D:9      | Learned a level 5 spell: Fireball
 11051 | D:9      | Identified a scroll of acquirement
 11051 | D:9      | Identified the Catalogue of Mutagenic Displacement (You
                  | acquired it on level 9 of the Dungeon)
 11164 | D:9      | Reached skill level 9 in Dodging
 11318 | D:9      | Found Leroleog's Lightly-Used Armoury.
 11525 | D:9      | Got a dazzling shield
 11531 | D:9      | Identified the -6 shield "Epei" {Str+5} (You found it on
                  | level 9 of the Dungeon)
 11555 | D:10     | Entered Level 10 of the Dungeon
 11575 | D:10     | Noticed an unseen horror
 11585 | D:10     | Killed an unseen horror
 11638 | D:10     | Noticed a death yak
 11658 | D:10     | Found a staircase to the Lair.
 11658 | D:10     | Noticed a death yak
 11658 | D:10     | Noticed a death yak
 11658 | D:10     | Noticed a death yak
 11659 | D:10     | Noticed a death yak
 11659 | D:10     | Noticed a death yak
 11660 | D:10     | Noticed a death yak
 11660 | D:10     | Noticed a death yak
 11662 | D:10     | Noticed a death yak
 12656 | D:10     | Noticed a two-headed ogre
 12729 | D:9      | HP: 3/60 [two-headed ogre/+0 giant club (4)]
 13034 | D:10     | Found a transporter.
 13034 | D:10     | Noticed TheNamelessOne's ghost (novice OpIE)
 13035 | D:10     | Found a transporter.
 13035 | D:10     | Identified the +5 great mace of the Countless Dreams {pain,
                  | rC+}
 13035 | D:10     | Noticed a two-headed ogre
 13090 | D:10     | Reached skill level 1 in Fire Magic
 13093 | D:10     | Reached **** piety under Vehumet
 13442 | D:10     | Reached skill level 10 in Conjurations
 13945 | D:10     | Killed a death yak
 13945 | D:10     | Reached skill level 10 in Dodging
 13945 | D:10     | Killed a death yak
 13945 | D:10     | Reached XP level 11. HP: 66/66 MP: 12/28
 13947 | D:10     | Killed a death yak
 13953 | D:10     | Killed a death yak
 14123 | D:10     | Offered knowledge of Olgreb's Toxic Radiance by Vehumet.
 14128 | D:10     | Learned a level 3 spell: Conjure Flame
 14700 | D:10     | Found a staircase to the Orcish Mines.
 14998 | D:10     | Found a staircase to the Orcish Mines.
 14998 | D:10     | Found a staircase to the Lair.
 15197 | D:10     | Killed a death yak
 15197 | D:10     | Reached skill level 11 in Dodging
 15338 | D:10     | Killed a death yak
 15349 | D:10     | Killed a death yak
 15441 | D:10     | Killed a death yak
 15769 | D:10     | Found a transporter.
 15770 | D:10     | Found a transporter.
 15915 | D:9      | Found Leroleog's Lightly-Used Armoury.
 15931 | D:9      | Killed a two-headed ogre
 15931 | D:9      | Reached skill level 12 in Dodging
 15935 | D:9      | Killed a death yak
 16228 | D:11     | Noticed a deep elf mage
 16233 | D:11     | Killed a deep elf mage
 16448 | D:11     | Noticed Erica
 16454 | D:11     | Killed Erica
 16454 | D:11     | Reached ***** piety under Vehumet
 16454 | D:11     | Offered knowledge of Bolt of Draining by Vehumet.
 16454 | D:11     | Reached XP level 12. HP: 76/76 MP: 4/29
 16455 | D:11     | Noticed Josephine
 16599 | Lair:1   | Entered Level 1 of the Lair of Beasts
 16740 | Lair:1   | Noticed Muonuta's ghost (novice MiFi)
 16773 | Lair:1   | Reached skill level 13 in Dodging
 17091 | Lair:1   | Found a runed gate.
 17091 | Lair:1   | Found a runed gate.
 17091 | Lair:1   | Found a runed gate.
 17092 | Lair:1   | Noticed a catoblepas
 18195 | Lair:2   | Reached skill level 10 in Fighting
 18508 | Lair:2   | Learned a level 5 spell: Bolt of Draining
 18540 | Lair:2   | Reached skill level 14 in Dodging
 18695 | Lair:2   | Found a staircase to the Snake Pit.
 18717 | Lair:2   | Reached skill level 1 in Necromancy
 18976 | Lair:2   | Noticed a six-headed hydra
 19000 | Lair:2   | HP: 2/77 [six-headed hydra (3)]
 19000 | Lair:2   | Slain by a six-headed hydra

Vault maps used:
D:1:      minmay_arrival_four_loops, minmay_ruptured
D:2:      kennysheep_generic_room_10
D:3:      minmay_inner_zag, kennysheep_vampire_church,
          cheibrodos_sewer_entry_sluice, minmay_strange_pillars, uniq_robin
D:4:      minmay_temple_entry_antechambers, chequers_serial_rivers_large_a
D:5:      nemelex_xobeh_ov_fountains_minmay, lemuel_round_altar,
          lemuel_zombie_altar_yredelemnul, serial_shops,
          nicolae_shop_behind_doors, first_ration
D:7:      cheibrodos_fertilizer, moated_statue, the_bakery
D:8:      minmay_misc_feat_plants, grunt_ministairs_2
D:9:      grunt_decor_one_mirror, minmay_shop_damaged
D:10:     dpeg_lair_monsters, minmay_orc_entry_guard_dogs,
          gammafunk_ghost_smash, minmay_ruffians
D:11:     uniq_erica, uniq_josephine
Temple:   dpeg_five_rooms_temple
Lair:1:   gammafunk_ghost_split
Lair:2:   nicolae_swamp_entry_splash_gauntlet, guppyfry_snake_entry_garden,
          chequers_serial_rivers_marsh, fungi_pond_lemuel,
          chequers_serial_rivers_room_a
Sewer:    sewer_kobolds

Skill      XL: |  1  2  3  4  5  6  7  8  9 10 11 12 |
---------------+-------------------------------------+-----
Spellcasting   | 4 5 6 8 9 11 | 11.7
Conjurations   | 5 6 7 9 10 | 10.0
Dodging        | 3 4 5 6 8 10 12 14 | 14.0
Fighting       | 1 2 3 4 5 6 9 10 | 10.1
Hexes          | 1 3 4 |  4.0
Fire Magic     | 3 4 |  4.2
Necromancy     | 1 |  1.1
Armour         | |  0.5
Stealth        | |  2.4

Action                   |  1- 3 |  4- 6 |  7- 9 | 10-12 || total
-------------------------+-------+-------+-------+-------++-------
Melee: Short sword       |       |    36 |       |       ||    36
       Hand axe          |       |       |    99 |    67 ||   166
       Staff             |       |       |       |    11 ||    11
 Fire: Blowgun           |       |       |       |    10 ||    10
 Cast: Magic Dart        |    67 |   134 |   154 |    87 ||   442
       Searing Ray       |     1 |    17 |    42 |    63 ||   123
       Fulminant Prism   |       |     1 |    12 |    14 ||    27
       Iskenderun's Myst |       |       |    16 |    47 ||    63
       Dazzling Spray    |       |       |       |    32 ||    32
       Force Lance       |       |       |       |    15 ||    15
       Fireball          |       |       |       |    26 ||    26
       Mephitic Cloud    |       |       |       |    10 ||    10
       Conjure Flame     |       |       |       |    11 ||    11
  Use: Scroll            |       |       |    14 |     5 ||    19
 Stab: Sleeping          |       |     2 |     2 |       ||     4
  Eat: Chunk             |     4 |     9 |    13 |    17 ||    43
       Ration            |       |       |     1 |     4 ||     5
Armor: Animal skin       |       |    28 |    36 |       ||    64
       Leather armour    |       |       |    30 |    29 ||    59
       Troll leather arm |       |       |       |    37 ||    37
Dodge: Dodged            |    11 |    56 |   143 |   285 ||   495

Table legend:
 A = Non-vault XP
 B = Vault XP
 C = Vault XP percentage of total XP
 D = Non-vault monster count
 E = Vault monster count
 F = Vault count percentage of total count
                 A         B        C        D         E       F
            +---------+---------+-------+---------+---------+-------
      Total |   21313 |   11463 |  35.0 |     266 |      82 |  23.6
            +---------+---------+-------+---------+---------+-------
        D:1 |      25 |      12 |  32.4 |      13 |       4 |  23.5
        D:2 |      23 |       1 |   4.2 |       6 |       1 |  14.3
        D:3 |      81 |     117 |  59.1 |      16 |      22 |  57.9
        D:4 |     201 |       0 |   0.0 |      22 |       0 |   0.0
        D:5 |     665 |       2 |   0.3 |      28 |       2 |   6.7
        D:6 |     461 |       0 |   0.0 |      21 |       0 |   0.0
        D:7 |     860 |     565 |  39.6 |      22 |      17 |  43.6
        D:8 |    2873 |      55 |   1.9 |      34 |       1 |   2.9
        D:9 |    1830 |     837 |  31.4 |      14 |       1 |   6.7
       D:10 |    2892 |    8321 |  74.2 |      36 |      19 |  34.5
       D:11 |    1520 |     939 |  38.2 |       7 |       1 |  12.5
     Lair:1 |    6132 |       0 |   0.0 |      29 |       0 |   0.0
     Lair:2 |    3750 |     470 |  11.1 |      18 |       3 |  14.3
      Sewer |       0 |     144 | 100.0 |       0 |      11 | 100.0
            +---------+---------+-------+---------+---------+-------
